 Dungeon Crawl Stone Soup version 0.29.1-15-g9cfb28693d (webtiles) character file.

Game seed: 10339164031380567945

49 DemonSlayer the Digger (level 3, -10/24 HPs)
             Began as a Demonspawn Earth Elementalist on Feb 25, 2023.
             Mangled by a gnoll
             ... wielding a +0 flail
              (11 damage)
             ... on level 3 of the Dungeon.
             The game lasted 00:03:17 (1803 turns).

DemonSlayer the Digger (DsEE)                       Turns: 1803, Time: 00:03:18

Health: -10/24     AC:  3    Str: 18    XL:     3   Next: 53%
Magic:  3/7        EV: 12    Int: 16    God:
Gold:   193        SH:  0    Dex: 13    Spells: 6/7 levels left

rFire   . . .      SeeInvis .   l - +8 whip of the Several Souls {venom, Str+8}
rCold   . . .      Faith    .   (no shield)
rNeg    . . .      Spirit   .   a - +0 robe
rPois   .          Reflect  .   (no helmet)
rElec   .          Harm     .   (no cloak)
rCorr   .          Rampage  .   h - +0 pair of gloves
Will    .....                   (no boots)
Stlth   ++........              (no amulet)
HPRegen 0.08/turn               (no ring)
MPRegen 0.10/turn               (no ring)

@: no status effects
A: powered by death 1
a: no special abilities


You were on level 3 of the Dungeon.
You visited 1 branch of the dungeon, and saw 3 of its levels.

You collected 193 gold pieces.

Inventory:

Hand Weapons
 l - the +8 whip of the Several Souls (weapon) {venom, Str+8}
   (You found it on level 2 of the Dungeon)

   It poisons the flesh of those it strikes.
   Str:       It affects your strength (+8).
Armour
 a - a +0 robe (worn)
 h - a +0 pair of gloves (worn)
Scrolls
 b - a scroll of vulnerability {unknown}
 c - 4 scrolls of enchant weapon {unknown}
 d - 2 scrolls of identify {unknown}
 j - a scroll of fear {unknown}
 k - a scroll of teleportation {unknown}
 m - a scroll of brand weapon {unknown}
 n - a scroll of butterflies {unknown}
 o - a scroll of immolation {unknown}
Potions
 e - a potion of cancellation {unknown}
 f - a potion of ambrosia {unknown}
 g - a potion of curing {unknown}
 i - a potion of degeneration {unknown}


   Skills:
 + Level 1.8 Dodging
 + Level 2.2 Stealth
 + Level 2.8 Spellcasting
 + Level 0.8 Transmutations
 + Level 3.3 Earth Magic


You had 6 spell levels left.
You knew the following spells:

 Your Spells              Type           Power      Damage    Failure   Level
a - Sandblast             Erth           24%        2d8       4%          1

Your spell library contained the following spells:

 Spells                   Type           Power      Damage    Failure   Level
 Passwall                 Tmut/Erth      6%         N/A       12%         2
 Slow                     Hex            8%         N/A       19%         1
 Stone Arrow              Conj/Erth      14%        3d7       28%         3
 Confusing Touch          Hex            2%         N/A       50%         3
 Vampiric Draining        Necr           2%         2d6       50%         3
 Petrify                  Tmut/Erth      8%         N/A       63%         4


Dungeon Overview and Level Annotations

Branches:
Dungeon (3/15)

Altars:


Innate Abilities, Weirdness & Mutations

You regenerate a little health from kills.


Message History

You now have 180 gold pieces (gained 10).
n - a scroll labelled EMPIDE BEKK
o - a scroll labelled CAENIL KIDOHOPPIZI No target in view!
You now have 193 gold pieces (gained 13).
A hobgoblin comes into view.
The hobgoblin shouts!
A hobgoblin is nearby!
A hobgoblin is nearby!
A hobgoblin is nearby!
A hobgoblin is nearby!
The blast of sand hits the hobgoblin.
The hobgoblin is severely wounded.
The blast of sand hits the hobgoblin!
You kill the hobgoblin!
No target in view!
You can't see any susceptible monsters within range! (Use Z to cast anyway.)
You can't see any susceptible monsters within range! (Use Z to cast anyway.)
A gnoll comes into view. It is wielding a +0 flail.
A gnoll is nearby!
A gnoll is nearby!
A gnoll is nearby!
A gnoll is nearby! 2 gnolls come into view.
The gnoll shouts! x2
The blast of sand hits the gnoll.
The gnoll is moderately wounded.
The blast of sand hits the gnoll.
The gnoll is moderately wounded.
The gnoll closely misses you. The gnoll hits you with a +0 club!
The blast of sand hits the gnoll.
The gnoll is severely wounded.
The gnoll misses you.
The blast of sand hits the gnoll.
The gnoll is almost dead.
The gnoll hits you with a +0 club. The gnoll hits you with a +0 flail.
The gnoll barely misses you. The gnoll hits you with a +0 flail!
* * * LOW HITPOINT WARNING * * *
The gnoll hits you with a +0 flail!
You die...

#.....<.....# #...#.#
#.##..####..#
#...#.#...##..# #.
###...#.#.# .....
.......#. .##... ##.
#....?.... ...#.
#...#....##.#.#...#<
........gg........#.#
##..@g......
#..?###..... #.#.#
.#. #.#.# #.#.# #.#
#.#.. #.. #.### ###
#.# #.#


You could see 3 gnolls.

Vanquished Creatures
  An adder (D:3)
  3 endoplasms
  4 giant cockroaches
  A goblin (D:1)
  5 hobgoblins
  2 jackals (D:2)
  A quokka (D:1)
  3 ball pythons
  8 bats
  4 frilled lizards
  4 kobolds (D:1)
  3 rats
39 creatures vanquished.

Notes
Turn   | Place    | Note
-------+----------+-------------------------------------------
     0 | D:1      | DemonSlayer the Demonspawn Earth Elementalist began the
                  | quest for the Orb.
     0 | D:1      | Reached XP level 1. HP: 13/13 MP: 3/3
   364 | D:1      | Gained mutation: You regenerate a little health from kills.
                  | [demonic ancestry]
   364 | D:1      | Reached XP level 2. HP: 19/19 MP: 3/5
   713 | D:1      | Reached skill level 3 in Earth Magic
  1051 | D:2      | Found a faded altar of an unknown god.
  1107 | D:2      | Reached XP level 3. HP: 24/24 MP: 3/6
  1424 | D:2      | Identified the +8 whip of the Several Souls {venom, Str+8}
  1803 | D:3      | HP: 1/24 [gnoll/+0 flail (7)]
  1803 | D:3      | Mangled by a gnoll

Illustrated notes

Levels and vault maps discovered:
D:1:      dpeg_arrival_lava_temple_mockup, layout_basic
D:2:      layout_rooms, shapermc_ecumenical_altar_mp_ritualfount,
          dk_noncrumbling_4, grunt_ministairs_1
D:3:      layout_loops_ring, mainiacjoe_overflow_brackets,
          uniq_crazy_yiuf_cottage

Skill      XL: |  1  2 |
---------------+-------+-----
Stealth        | 2 |  2.2
Earth Magic    | 3 |  3.3
Dodging        | |  1.8
Spellcasting   | |  2.8
Transmutations | |  0.8

Action                   || total
-------------------------++-------
Melee: Unarmed           ||     4
       Dagger            ||     6
       Whip              ||     4
 Cast: Sandblast         ||    53
  Use: Potion            ||     1
 Stab: Sleeping          ||     3
Armor: Robe              ||     9
Dodge: Dodged            ||    24
